| TOP OF THE 1ST |
|
San Antonio Missions batting - Pitching for San Jose Giants : RHP Jim Sprayberry
|
|
Pitching: RHP Jim Sprayberry
|
|
|
Batting: RHB Niek de Haan
|
0-0: Called Strike 0-1: Ball 1-1: Foul Ball, location: 2F 1-2: Ball 2-2: Ball 3-2: Foul Ball, location: 2F 3-2: Foul Ball, location: 2F 3-2: Ground out 6-3 (Groundball, 6, EV 85.0 MPH)
|
|
Batting: RHB Jesse White
|
0-0: Ball 1-0: SINGLE (Groundball, 56D, EV 103.1 MPH)
|
|
Batting: RHB Kory Sanchez
|
0-0: Foul Ball, location: 2F 0-1: SINGLE (Groundball, 56D, EV 104.4 MPH) Jesse White to second
|
|
Batting: LHB Pat Aviles
|
0-0: Fly out, F8 (Flyball, 8LM, EV 98.1 MPH)
|
|
Batting: RHB Bryan Pitcher
|
0-0: Ball 1-0: Reached via error on a dropped throw from P, E3 (Groundball, P, EV 70.6 MPH) Jesse White to third Kory Sanchez to second
|
|
Batting: RHB Jaden Scott
|
0-0: Ball 1-0: Foul Ball, location: 2F 1-1: Foul Ball, location: 2F 1-2: Foul Ball, location: 2F 1-2: Ball 2-2: Strikes out swinging
|
| Top of the 1st over - 0 runs, 2 hits, 1 error, 3 left on base; San Antonio 0 - San Jose 0 |
| BOTTOM OF THE 1ST |
|
San Jose Giants batting - Pitching for San Antonio Missions : RHP Chris Wood
|
|
Pitching: RHP Chris Wood
|
|
|
Batting: RHB Laroya Foronda
|
0-0: Swinging Strike 0-1: Foul Ball, location: 2F 0-2: Strikes out swinging
|
|
Batting: LHB Ryan Braden
|
0-0: Ball 1-0: Called Strike 1-1: Foul Ball, location: 2F 1-2: Ball 2-2: DOUBLE (Line Drive, 7LS, EV 105.6 MPH)
|
|
Batting: LHB Mike Roberts
|
0-0: Called Strike 0-1: Ball 1-1: Fly out, F8 (Flyball, 8LD, EV 106.9 MPH)
|
|
Batting: RHB Billy Pranger
|
0-0: Ball 1-0: Swinging Strike 1-1: Ball 2-1: Foul Ball, location: 2F 2-2: Ball 3-2: Ground out 5-3 (Groundball, 56, EV 103.1 MPH)
|
| Bottom of the 1st over - 0 runs, 1 hit, 0 errors, 1 left on base; San Antonio 0 - San Jose 0 |
| TOP OF THE 2ND |
|
San Antonio Missions batting - Pitching for San Jose Giants : RHP Jim Sprayberry
|
|
Batting: SHB Isaiah Scates
|
0-0: Ball 1-0: Ball 2-0: Foul Ball, location: 2F 2-1: Foul Ball, location: 2F 2-2: Ground out 5-3 (Groundball, 5, EV 105.0 MPH)
|
|
Batting: RHB Mike MacLeod
|
0-0: Swinging Strike 0-1: Ball 1-1: Ball 2-1: Ball 3-1: Called Strike 3-2: Base on Balls
|
|
Batting: RHB Eric Erickson
|
0-0: Ball 1-0: Fielders Choice at 2nd, 4-6 (Groundball, 4, EV 82.5 MPH)
|
|
Batting: RHB Niek de Haan
|
0-0: Ball 1-0: Ball 2-0: Called Strike 2-1: Called Strike 2-2: Ball 3-2: Fly out, F8 (Flyball, 8RM, EV 91.9 MPH)
|
| Top of the 2nd over - 0 runs, 0 hits, 0 errors, 1 left on base; San Antonio 0 - San Jose 0 |
| BOTTOM OF THE 2ND |
|
San Jose Giants batting - Pitching for San Antonio Missions : RHP Chris Wood
|
|
Batting: SHB Mitchell Greene
|
0-0: Foul Ball, location: 2F 0-1: Ball 1-1: SOLO HOME RUN (Flyball, 9LD, EV 95.6 MPH), Distance : 367 ft
|
|
Batting: RHB Guillermo Mojica
|
0-0: Ball 1-0: Ground out 4-3 (Groundball, 4, EV 107.5 MPH)
|
|
Batting: RHB Azedine Kirui
|
0-0: Ball 1-0: Foul Ball, location: 2F 1-1: Ball 2-1: Ball 3-1: Foul Ball, location: 2F 3-2: Base on Balls
|
|
Batting: LHB Yeong-hun Joe
|
0-0: Ball 1-0: Called Strike 1-1: Called Strike 1-2: Hit by Pitch Azedine Kirui to second
|
|
Batting: RHB Adam Noyes
|
0-0: Ball 1-0: Fly out, F9 (Flyball, 9D, EV 109.4 MPH) Runner from 2nd tags up, SAFE at 3rd, no throw by RF
|
|
Batting: RHB Laroya Foronda
|
0-0: Ground out 6-3 (Groundball, 6M, EV 107.5 MPH)
|
| Bottom of the 2nd over - 1 run, 1 hit, 0 errors, 2 left on base; San Antonio 0 - San Jose 1 |
| TOP OF THE 3RD |
|
San Antonio Missions batting - Pitching for San Jose Giants : RHP Jim Sprayberry
|
|
Batting: RHB Jesse White
|
0-0: Ball 1-0: Ball 2-0: Foul Ball, location: 2F 2-1: Called Strike 2-2: Fly out, F9 (Line Drive, 9, EV 91.2 MPH)
|
|
Batting: RHB Kory Sanchez
|
0-0: Called Strike 0-1: Ball 1-1: Ball 2-1: Ball 3-1: Base on Balls
|
|
Batting: LHB Pat Aviles
|
0-0: Grounds into double play, 4-6-3 (Groundball, 34, EV 85.6 MPH)
|
| Top of the 3rd over - 0 runs, 0 hits, 0 errors, 0 left on base; San Antonio 0 - San Jose 1 |
| BOTTOM OF THE 3RD |
|
San Jose Giants batting - Pitching for San Antonio Missions : RHP Chris Wood
|
|
Batting: LHB Ryan Braden
|
0-0: Called Strike 0-1: Swinging Strike 0-2: Ball 1-2: Ball 2-2: Foul Ball, location: 2F 2-2: Ball 3-2: Foul Ball, location: 2F 3-2: Foul Ball, location: 2F 3-2: Ground out 1-3 (Groundball, 13, EV 68.1 MPH)
|
|
Batting: LHB Mike Roberts
|
0-0: Called Strike 0-1: Ball 1-1: Ball 2-1: Called Strike 2-2: Fly out, F5 (Popup, 25F, EV 87.5 MPH)
|
|
Batting: RHB Billy Pranger
|
0-0: Ball 1-0: Swinging Strike 1-1: Foul Ball, location: 2F 1-2: SINGLE (Line Drive, 6D, EV 94.4 MPH)
|
|
Batting: SHB Mitchell Greene
|
0-0: Fly out, F8 (Flyball, 8RS, EV 86.9 MPH)
|
| Bottom of the 3rd over - 0 runs, 1 hit, 0 errors, 1 left on base; San Antonio 0 - San Jose 1 |
| TOP OF THE 4TH |
|
San Antonio Missions batting - Pitching for San Jose Giants : RHP Jim Sprayberry
|
|
Batting: RHB Bryan Pitcher
|
0-0: Called Strike 0-1: Swinging Strike 0-2: Ball 1-2: Ball 2-2: Ball 3-2: Base on Balls
|
|
Batting: RHB Jaden Scott
|
0-0: Ball 1-0: Called Strike 1-1: Called Strike 1-2: Strikes out swinging
|
|
Batting: SHB Isaiah Scates
|
0-0: Swinging Strike 0-1: Ball 1-1: Ball 2-1: Ball 3-1: Fly out, F8 (Flyball, 8RD, EV 102.5 MPH)
|
|
Batting: RHB Mike MacLeod
|
0-0: Ball 1-0: Called Strike 1-1: Swinging Strike 1-2: Fly out, F9 (Flyball, 9LM, EV 96.9 MPH)
|
| Top of the 4th over - 0 runs, 0 hits, 0 errors, 1 left on base; San Antonio 0 - San Jose 1 |
| BOTTOM OF THE 4TH |
|
San Jose Giants batting - Pitching for San Antonio Missions : RHP Chris Wood
|
|
Batting: RHB Guillermo Mojica
|
0-0: Ball 1-0: Foul Ball, location: 2F 1-1: Called Strike 1-2: Strikes out looking
|
|
Batting: RHB Azedine Kirui
|
0-0: Foul Ball, location: 2F 0-1: DOUBLE (Line Drive, 9LS, EV 91.9 MPH)
|
|
Batting: LHB Yeong-hun Joe
|
0-0: Ball 1-0: DOUBLE (Line Drive, 78D, EV 102.5 MPH) Azedine Kirui scores
|
|
Batting: RHB Adam Noyes
|
0-0: SINGLE (Line Drive, 89S, EV 100.0 MPH) Yeong-hun Joe to third Runner from 3rd tries for Home, SAFE, throw by RF to home
|
|
Batting: RHB Laroya Foronda
|
0-0: Called Strike 0-1: Fly out, F9 (Flyball, 9, EV 95.6 MPH)
|
|
Batting: LHB Ryan Braden
|
0-0: Ball 1-0: Ball 2-0: Swinging Strike 2-1: Ball 3-1: Fly out, F8 (Flyball, 8LD, EV 108.8 MPH)
|
| Bottom of the 4th over - 2 runs, 3 hits, 0 errors, 1 left on base; San Antonio 0 - San Jose 3 |
| TOP OF THE 5TH |
|
San Antonio Missions batting - Pitching for San Jose Giants : RHP Jim Sprayberry
|
|
Batting: RHB Eric Erickson
|
0-0: Called Strike 0-1: Called Strike 0-2: Ball 1-2: Foul Ball, location: 2F 1-2: Foul Ball, location: 2F 1-2: Ball 2-2: Strikes out looking
|
|
Batting: RHB Niek de Haan
|
0-0: Ground out 5-3 (Groundball, 56S, EV 79.4 MPH)
|
|
Batting: RHB Jesse White
|
0-0: Ground out 6-3 (Groundball, P, EV 85.6 MPH)
|
| Top of the 5th over - 0 runs, 0 hits, 0 errors, 0 left on base; San Antonio 0 - San Jose 3 |
| BOTTOM OF THE 5TH |
|
San Jose Giants batting - Pitching for San Antonio Missions : RHP Chris Wood
|
|
Batting: LHB Mike Roberts
|
0-0: Swinging Strike 0-1: Ball 1-1: Ball 2-1: Foul Ball, location: 2F 2-2: Ground out 6-3 (Groundball, 6, EV 84.4 MPH)
|
|
Batting: RHB Billy Pranger
|
0-0: Ball 1-0: Called Strike 1-1: Ball 2-1: Foul Ball, location: 2F 2-2: SOLO HOME RUN (Flyball, 89XD, EV 99.4 MPH), Distance : 402 ft
|
|
Batting: SHB Mitchell Greene
|
0-0: Ball 1-0: Foul Ball, location: 2F 1-1: Called Strike 1-2: Ball 2-2: Ground out 4-3 (Groundball, 4, EV 105.0 MPH)
|
|
Batting: RHB Guillermo Mojica
|
0-0: Called Strike 0-1: DOUBLE (Line Drive, 9LM, EV 106.2 MPH)
|
|
Batting: RHB Azedine Kirui
|
0-0: Swinging Strike 0-1: Fly out, F9 (Flyball, 89S, EV 88.8 MPH)
|
| Bottom of the 5th over - 1 run, 2 hits, 0 errors, 1 left on base; San Antonio 0 - San Jose 4 |
| TOP OF THE 6TH |
|
San Antonio Missions batting - Pitching for San Jose Giants : RHP Jim Sprayberry
|
|
Batting: RHB Kory Sanchez
|
0-0: Foul Ball, location: 2F 0-1: Ball 1-1: Ball 2-1: Foul Ball, location: 2F 2-2: Strikes out swinging
|
|
Batting: LHB Pat Aviles
|
0-0: Called Strike 0-1: SINGLE (Groundball, 34D, EV 98.8 MPH)
|
|
Batting: RHB Bryan Pitcher
|
0-0: Ball 1-0: Called Strike 1-1: Ball 2-1: SINGLE (Groundball, 13, EV 87.5 MPH) (infield hit) Pat Aviles to second
|
|
Pitching: RHP Kevin Spencer
|
|
|
Batting: RHB Jaden Scott
|
0-0: Ball 1-0: Ball 2-0: Called Strike 2-1: Swinging Strike 2-2: Ball 3-2: Base on Balls Pat Aviles to third Bryan Pitcher to second
|
|
Batting: SHB Isaiah Scates
|
0-0: Called Strike 0-1: Foul Ball, location: 2F 0-2: Ball 1-2: Strikes out swinging
|
|
Pitching: RHP Kyle Rindels
|
|
|
Batting: RHB Mike MacLeod
|
0-0: Ball 1-0: Foul Ball, location: 2F 1-1: Called Strike 1-2: Foul Ball, location: 2F 1-2: Strikes out swinging
|
| Top of the 6th over - 0 runs, 2 hits, 0 errors, 3 left on base; San Antonio 0 - San Jose 4 |
| BOTTOM OF THE 6TH |
|
San Jose Giants batting - Pitching for San Antonio Missions : RHP Chris Wood
|
|
Batting: LHB Yeong-hun Joe
|
0-0: Ball 1-0: Ball 2-0: Called Strike 2-1: Called Strike 2-2: SOLO HOME RUN (Flyball, 9D, EV 98.1 MPH), Distance : 387 ft
|
|
Pitching: RHP Mike Stover
|
|
|
Batting: RHB Adam Noyes
|
0-0: Ball 1-0: Ball 2-0: Called Strike 2-1: Ground out 6-3 (Groundball, 6, EV 88.1 MPH)
|
|
Batting: RHB Laroya Foronda
|
0-0: Foul Ball, location: 2F 0-1: Ball 1-1: Swinging Strike 1-2: SINGLE (Line Drive, 7S, EV 86.2 MPH)
|
|
Batting: LHB Ryan Braden
|
0-0: Ball 1-0: Ball Laroya Foronda steals 2nd base (no throw) 2-0: Ball 3-0: Base on Balls
|
|
Pitching: RHP Danny Rasdall
|
|
|
Batting: LHB Mike Roberts
|
0-0: Called Strike 0-1: Ball 1-1: Foul Ball, location: 2F 1-2: Foul Ball, location: 2F 1-2: Fielders Choice at 2nd, 4-6 (Groundball, 4, EV 107.5 MPH) Laroya Foronda to third
|
|
Batting: RHB Billy Pranger
|
0-0: Fly out, F6 (Line Drive, 6, EV 69.4 MPH)
|
| Bottom of the 6th over - 1 run, 2 hits, 0 errors, 2 left on base; San Antonio 0 - San Jose 5 |
| TOP OF THE 7TH |
|
San Antonio Missions batting - Pitching for San Jose Giants : RHP Kyle Rindels
|
|
Batting: RHB Eric Erickson
|
0-0: Called Strike 0-1: Ball 1-1: Foul Ball, location: 2F 1-2: Strikes out swinging
|
|
Batting: RHB Niek de Haan
|
0-0: Called Strike 0-1: Ball 1-1: Ball 2-1: Ball 3-1: Foul Ball, location: 2F 3-2: Strikes out swinging
|
|
Batting: RHB Jesse White
|
0-0: Foul Ball, location: 2F 0-1: Foul Ball, location: 2F 0-2: Ball 1-2: Strikes out swinging
|
| Top of the 7th over - 0 runs, 0 hits, 0 errors, 0 left on base; San Antonio 0 - San Jose 5 |
| BOTTOM OF THE 7TH |
|
San Jose Giants batting - Pitching for San Antonio Missions : RHP Danny Rasdall
|
|
Batting: SHB Mitchell Greene
|
0-0: Swinging Strike 0-1: Called Strike 0-2: Ball 1-2: Strikes out looking
|
|
Batting: RHB Guillermo Mojica
|
0-0: Called Strike 0-1: Foul Ball, location: 2F 0-2: Ball 1-2: Ball 2-2: Foul Ball, location: 2F 2-2: Strikes out swinging
|
|
Batting: RHB Azedine Kirui
|
0-0: Foul Ball, location: 2F 0-1: Foul Ball, location: 2F 0-2: Ball 1-2: Ball 2-2: Strikes out swinging
|
| Bottom of the 7th over - 0 runs, 0 hits, 0 errors, 0 left on base; San Antonio 0 - San Jose 5 |
| TOP OF THE 8TH |
|
San Antonio Missions batting - Pitching for San Jose Giants : RHP Kyle Rindels
|
|
Batting: RHB Kory Sanchez
|
0-0: Ball 1-0: Ball 2-0: Called Strike 2-1: Swinging Strike 2-2: Ball 3-2: Base on Balls
|
|
Pitching: RHP Kohsuke Naito
|
|
|
Batting: LHB Pat Aviles
|
0-0: Called Strike 0-1: Called Strike 0-2: Strikes out swinging
|
|
Batting: RHB Bryan Pitcher
|
0-0: Ball 1-0: Ball 2-0: Ball 3-0: Called Strike 3-1: Grounds into double play, 4-6-3 (Groundball, 4, EV 78.1 MPH)
|
| Top of the 8th over - 0 runs, 0 hits, 0 errors, 0 left on base; San Antonio 0 - San Jose 5 |
| BOTTOM OF THE 8TH |
|
San Jose Giants batting - Pitching for San Antonio Missions : RHP Danny Rasdall
|
|
Batting: LHB Yeong-hun Joe
|
0-0: Hit by Pitch
|
|
Batting: RHB Adam Noyes
|
0-0: Swinging Strike 0-1: Ball 1-1: Ball 2-1: Foul Ball, location: 2F 2-2: Fly out, F8 (Flyball, 78M, EV 89.4 MPH)
|
|
Batting: RHB Laroya Foronda
|
0-0: Called Strike 0-1: SINGLE (Groundball, 6MD, EV 100.6 MPH) Yeong-hun Joe to second Runner from 2nd tries for 3rd, SAFE, throw by CF made to third
|
|
Batting: LHB Ryan Braden
|
0-0: Ball Laroya Foronda steals 2nd base 1-0: Ball Passed Ball! Yeong-hun Joe scores Laroya Foronda to third 2-0: Ball Balk! Laroya Foronda scores 3-0: Base on Balls
|
|
Batting: LHB Mike Roberts
|
0-0: Called Strike 0-1: Fly out, F8 (Flyball, 78XD, EV 106.2 MPH)
|
|
Batting: RHB Billy Pranger
|
0-0: Called Strike 0-1: Ball 1-1: Fielders Choice at 2nd, U4 (Groundball, 6, EV 101.9 MPH)
|
| Bottom of the 8th over - 2 runs, 1 hit, 0 errors, 1 left on base; San Antonio 0 - San Jose 7 |
| TOP OF THE 9TH |
|
San Antonio Missions batting - Pitching for San Jose Giants : RHP Kohsuke Naito
|
|
Batting: RHB Jaden Scott
|
0-0: Fly out, F7 (Flyball, 7, EV 91.2 MPH)
|
|
Batting: SHB Isaiah Scates
|
0-0: Ground out 4-3 (Groundball, 4, EV 81.9 MPH)
|
|
Batting: RHB Mike MacLeod
|
0-0: Foul Ball, location: 2F 0-1: Fly out, F8 (Flyball, 8LD, EV 95.0 MPH)
|
| Top of the 9th over - 0 runs, 0 hits, 0 errors, 0 left on base; San Antonio 0 - San Jose 7 |
|